← All builds
Front / Armada / Quick factory / OBSERVED BUILD

Mace rush

Front skips the usual Vehicle Plant opening for an early Bot Lab, pushing Mace bots out by 2:18 to fight forward at middle well before the norm, later adding Centurion to hold the line.

#rush #push · 16 distinct matches · 8 players · 1% of Armada Front games · team won 44% of 16 · Recently observed

THE CATCH, AND WHAT COMES WITH IT
  • MaceT1 bot assault from 2:21 · 3% of role by thenFrom the Bot Lab. Only 3% of Front games have it by then; others who build it get it around 3:22
  • MaceMace in 88%2% of all Front games by then

Where those units first fight, in 16 games with kill data: in the middle 88%, on their own side 13%.

Those units destroy a typical 2,130 metal of enemy units by 15:00.

HOW TO PLAY IT

Key timing: Mace by 2:18

  1. Open Bot Lab fast with mex spread as usual for Front.
  2. Push Mace out far earlier than normal to fight at middle.
  3. Keep Mace flowing to sustain pressure on the middle push.
  4. Reinforce with more Mace to hold the line as numbers grow.
  5. Fold in Centurion and settle into a standard bot-heavy composition.

Phase by phase

TYPICAL OF ITS 16 GAMES · AGAINST STANDARD FRONT
  1. 1
  2. 2
  3. 3
  4. 4
PLAY THE OPENING

Follow the example game's first 6:00 step by step: what to build now, what comes next, and where it goes. At 1× it keeps pace with your own game.

  1. 1

    Up to the Bot Lab

    Economy
    • Metal Extractor2Mex
    Order
    1. Bot LabBot Lab after 2 mexdone ~0:33, middle half 0:26–0:44

    By 0:16 in all: 2 mex

    The example game in this phase · 2 steps
    1. Mex
    2. Bot LabBot Labdone 0:26 · typical 0:33
  2. 2

    Bot Lab to T1 bot assault

    Economy
    • Metal Extractor4Mex
    • Wind Turbine2Wind
    Order
    1. MaceT1 bot assault after 5 mex, 2 wind
    Builders
    • Construction Bot2 Con bot +2 vs standard
    • Lazarus1 Lazarus
    Army
    • Centurion1 Centurion
    • Tick1 Tick

    Some games also: pawn (44%) · con turret (31%)

    The standard build makes here, this one skips: 2 con vehicle

    By 2:20 in all: 5 mex · 2 wind

    The example game in this phase · 15 steps
    1. Wind
    2. PawnPawnfor Geo
    3. Wind
    4. PawnPawn ×2for Geo
    5. Mex
    6. LazarusLazarus
    7. Mex
    8. Construction BotCon botfor Geo
    9. Mex
    10. Construction BotCon bot
    11. CenturionCenturion
    12. Mex
    13. LazarusLazarus
    14. Con turret
    15. MaceMacedone 2:28
  3. 3

    T1 bot assault to 5:00

    Economy
    • Metal Extractor2Mex
    • Wind Turbine4Wind+2 vs standard
    Builders
    • Construction Turret1 Con turret
    • Lazarus2 Lazarus +2 vs standard
    Army
    • Sentry1 Sentry
    • Mace11 Mace +11 vs standard

    Some games also: con bot (38%)

    By 5:00 in all: 7 mex · 10 wind (standard 5) · 1 con turret

    The example game in this phase · 26 steps
    1. MaceMace
    2. Mex
    3. MaceMace ×3
    4. LazarusLazarus
    5. Wind
    6. MaceMace
    7. Wind
    8. MaceMace
    9. Wind
    10. MaceMace
    11. Wind
    12. MaceMace
    13. Wind
    14. MaceMace
    15. Mex
    16. Wind
    17. LazarusLazarus
    18. Wind
    19. MaceMace
    20. Wind
    21. MaceMace
    22. Wind
    23. MaceMace ×2
    24. LazarusLazarus
    25. Wind
    26. MaceMace
  4. 4

    5:00 to 10:00

    Economy
    • Metal Extractor1Mex
    • Wind Turbine19Wind
    Builders
    • Construction Turret3 Con turret
    • Lazarus3 Lazarus +3 vs standard
    • Construction Bot1 Con bot
    Army
    • Mace11 Mace +11 vs standard

    Some games also: Sentry (50%) · Beamer (44%) · centurion (38%) · converter (38%) · Radar Tower (38%)

    The standard build makes here, this one skips: 5 blitz

    By 10:00 in all: 8 mex · 30 wind · 4 con turret

    The example game in this phase · 88 steps
    1. Wind
    2. LazarusLazarus
    3. Wind
    4. MaceMace ×2
    5. Wind
    6. Mex
    7. Con turret
    8. MaceMace ×2
    9. Wind ×2
    10. MaceMace
    11. Wind ×3
    12. MaceMace
    13. Wind ×2
    14. LazarusLazarus
    15. Wind ×4
    16. MaceMace
    17. Wind
    18. Advanced Metal ExtractorT2 mexdone 8:06 · typical 9:32
    19. Con turret
    20. Wind
    21. Converter
    22. MaceMace
    23. Converter
    24. MaceMace
    25. Converter
    26. Advanced Metal ExtractorT2 mex
    27. MaceMace
    28. RocketeerRocketeer ×2
    29. MaceMace
    30. Converter
    31. LazarusLazarus
    32. Advanced Metal ExtractorT2 mex
    33. Converter
    34. MaceMace
    35. Converter
    36. RocketeerRocketeer
    37. MaceMace
    38. SentrySentry
    39. MaceMace ×3
    40. SentrySentry
    41. LazarusLazarus
    42. MaceMace
    43. Con turret
    44. Advanced Metal ExtractorT2 mex
    45. MaceMace
    46. RocketeerRocketeer
    47. SentrySentry
    48. MaceMace
    49. Wind
    50. MaceMace
    51. Wind
    52. MaceMace
    53. Wind
    54. LazarusLazarus
    55. MaceMace
    56. Wind
    57. LazarusLazarus
    58. PawnPawn
    59. Wind
    60. MaceMace
    61. LazarusLazarus
    62. Wind
    63. MaceMace
    64. FerretFerret
    65. NettleNettle
    66. MaceMace ×5
    67. LazarusLazarus
    68. MaceMace ×3
    69. Advanced Bot LabAdvanced Bot Labdone 12:02
    70. MaceMace
    71. Advanced Metal ExtractorT2 mex
    72. MaceMace
    73. LazarusLazarus
    74. MaceMace ×2
    75. SharpshooterSniper botdone 12:25
    76. MaceMace
    77. SharpshooterSniper bot
    78. SmugglerJammer bot
    79. CompassRadar bot
    80. MaceMace
    81. ArchangelArchangel ×2done 13:05
    82. SharpshooterSniper bot ×3
    83. WelderWelder
    84. Advanced Construction BotT2 con bot
    85. Construction BotCon bot
    86. WelderWelder
    87. Wind
    88. LazarusLazarus

Counts are medians over the build's games: half of them build more, half fewer. The example game is [crd]sisa's (43 OS, 11/09/2026); pick another.

Team trades

IN AT LEAST 30% OF ITS GAMES

You hand over

Nothing regular.

You get

  • Tidal Generator4 Tidal from Pondfirst at 0:18 · in 75% of games
  • Advanced Construction Bot1 T2 con bot from Geo or Techfirst at 7:18 · in 56% of games

How it plays out

Typical game of this build against the role’s standard build, running totals by minute

  • This build
  • Standard front

Metal produced

010k20k30k
0:005:0010:0015:00

metal

Enemy metal destroyed

05k10k
0:005:0010:0015:00

metal

Own metal lost

05k10k
0:005:0010:0015:00

metal

16 games.

Show as table
ByMetal produced: This buildMetal produced: Standard frontEnemy metal destroyed: This buildEnemy metal destroyed: Standard frontOwn metal lost: This buildOwn metal lost: Standard front
1:003323330000
2:00865845021031
3:00172416256914178105
4:0028342713430541199333
5:004030386810321197852816
6:00527450781670212114141524
7:00643363392333301229622448
8:00769076673231387734863357
9:00909291184168466950524311
10:0010977106964932534265585050
11:0013125126475199583966055699
12:0014833148665263639770136527
13:0016934174636229701378377244
14:0019756201846502762992968090
15:0022333226777124839796958941
WHAT THE NUMBERS SAY

Team win rate fell well short of the standard build despite similar economy and damage numbers.

  • + Metal produced stayed close to or above standard through 15:00.
  • + Mace timing at 2:18 is drastically ahead of the role's norm.
  • − Team win rate 47% versus standard's 61%.
  • − Own metal lost at 10:00 above standard (6093 vs 5092).
THE EXAMPLE YOU ARE READING

[crd]sisa

43.3 OS · 11/09/2026

Open source match ↗

21 received units · includes a constructor
1098 metal received · 122183 energy received

Allied construction assistance is unknown. Timings are observations, not a promise of solo reproducibility.

Typical milestones

Bot Lab0:33Middle 50%: 0:26–0:44 · n=16
Advanced Metal Extractor9:32Middle 50%: 8:37–11:20 · n=12

Played most by

[crd]sisa7games of this buildOUDLES2games of this buildZeker_niet_Philipp2games of this buildCentientWaffle1game of this buildhaaven1game of this build